 Dungeon Crawl Stone Soup version 0.21-a0-369-g397cdb2 (webtiles) character file.

758 Ijustatesigmund the Magician (level 7, -3/35 HPs)
             Began as a Spriggan Enchanter on Oct 13, 2017.
             Killed by divine providence
             ... invoked by an orc priest
              (16 damage)
             ... on level 5 of the Dungeon on Oct 15, 2017.
             The game lasted 00:16:45 (7747 turns).

Ijustatesigmund the Magician (Spriggan Enchanter)   Turns: 7747, Time: 00:16:45

Health: -3/35      AC:  4    Str:  4    XL:     7   Next: 50%
Magic:  13/18      EV: 21    Int: 17    God:
Gold:   246        SH:  0    Dex: 18    Spells: 14/20 levels left

rFire    . . .     SeeInvis +   a - +1 dagger
rCold    . . .     Gourm    .   (shield restricted)
rNeg     . . .     Faith    .   b - +0 robe
rPois    .         Spirit   .   (helmet restricted)
rElec    .         Reflect  .   k - +1 cloak (curse)
rCorr    .         Harm     .   (gloves unavailable)
MR       +....                  (boots unavailable)
Stlth    ++........             (no amulet)
HPRegen  0.11/turn              (no ring)
MPRegen  0.16/turn              h - ring of loudness (curse)

@: very quick
A: unfitting armour, see invisible, herbivore 3, speed 3, slow metabolism 2
a: no special abilities


You were on level 5 of the Dungeon.
You were not hungry.

You visited 1 branch of the dungeon, and saw 5 of its levels.

You collected 246 gold pieces.

Inventory:

Hand Weapons
 a - a +1 dagger (weapon)
 l - a +4 dagger
Armour
 b - a +0 robe (worn)
 k - a cursed +1 cloak (worn)
Jewellery
 h - a cursed ring of loudness (right hand)
Wands
 p - a wand of enslavement (12/24)
Scrolls
 e - 3 scrolls of identify
 f - a scroll of magic mapping
 i - 4 scrolls of teleportation
 o - a scroll of enchant weapon
Potions
 g - 2 potions of curing
 j - 2 potions of magic
Books
 c - a book of Maledictions

   Spells                             Type                      Level
   a - Corona                         Hexes                        1
   b - Ensorcelled Hibernation        Hexes/Ice                    2
   c - Confuse                        Hexes                        3
   d - Tukima's Dance                 Hexes                        3
   e - Dazzling Spray                 Conjuration/Hexes            3
 n - a book of Callings

   Spells                             Type                      Level
   a - Summon Small Mammal            Summoning                    1
   b - Call Imp                       Summoning                    2
   c - Call Canine Familiar           Summoning                    3
   d - Summon Guardian Golem          Hexes/Summoning              3
   e - Summon Lightning Spire         Summoning/Air                4
   f - Summon Ice Beast               Ice/Summoning                4
Comestibles
 d - 4 bread rations
 m - a royal jelly


   Skills:
 - Level 2.2 Fighting
 - Level 2.0 Short Blades
 - Level 5.3 Dodging
 + Level 5.1 Stealth
 + Level 7.3 Spellcasting
 + Level 0.0 Conjurations
 - Level 3.6 Hexes
 - Level 2.6 Ice Magic


You had 14 spell levels left.
You knew the following spells:

 Your Spells              Type           Power        Failure   Level  Hunger
a - Corona                Hex            ###....      2%          1    None
b - Ensorcelled Hibernat  Hex/Ice        ###...       4%          2    None
c - Dazzling Spray        Conj/Hex       ##....       16%         3    ##.....


Dungeon Overview and Level Annotations

Branches:
Dungeon (5/15)             Temple (0/1) D:5

Altars:
Nemelex Xobeh

Annotations:
D:3 Grinder


Innate Abilities, Weirdness & Mutations

You are very small and have problems with some larger weapons.
You are too small for most types of armour.
You have supernaturally acute eyesight. (SInv)
You are a herbivore.
You cover ground extremely quickly.
You need consume almost no food.


Message History

There is a stone staircase leading up here.
Casting: Dazzling Spray
Confirm with . or Enter, or press ? or * to list all spells.
Aiming: Ensorcelled Hibernation
Press: ? - help, Shift-Dir - straight line, f - orc priest
Aim: an orc priest, wearing a chain mail (chance to defeat MR: 47%)
The orc priest resists with some effort.
The jackal skeleton misses you.
The orc priest mumbles some strange prayers to Beogh against you.
Beogh smites you! The orc misses you.
Casting: Ensorcelled Hibernation
Confirm with . or Enter, or press ? or * to list all spells.
Aiming: Ensorcelled Hibernation
Press: ? - help, Shift-Dir - straight line, f/p - orc priest
Aim: an orc priest, wearing a chain mail (chance to defeat MR: 47%)
The orc priest resists with some effort.
The jackal skeleton completely misses you.
The orc priest mumbles some strange prayers to Beogh against you.
Beogh smites you!
You die...

....####...........
.........$$........
......##......#####
.... #...§..### ...
#...#....# ..
#........###+#+## ..
#................
....###..⌠...oZ........
.............o@........
...%.##⌠.>.⌠....#######
................# #
o........⌠.....[#
............###[+
###.#......## #.# #
#......# ..# #......#
#..# ####.... ....


You could see an orc priest, an orc and a jackal skeleton.

Vanquished Creatures
  Menkaure (D:4)
  A scorpion (D:4)
  A water moccasin skeleton (D:4)
  Crazy Yiuf (D:2)
  An orc priest (D:5)
  A centaur skeleton (D:4)
  Terence (D:2)
  An iguana (D:4)
  2 orc wizards
  Natasha (twice) (D:2)
  4 worker ants (D:4)
  A hound zombie (D:4)
  Robin (D:4)
  6 adders
  A shadow imp (D:4)
  An adder skeleton (D:4)
  A worm (D:4)
  2 leopard geckos
  7 orcs
  6 giant cockroaches
  21 goblins
  10 hobgoblins
  12 jackals
  A quokka (D:2)
  2 ball pythons (D:1)
  6 bats
  5 frilled lizards
  6 kobolds
  8 rats
113 creatures vanquished.

Notes
Turn   | Place    | Note
-------+----------+-------------------------------------------
     0 | D:1      | Ijustatesigmund the Spriggan Enchanter began the quest for the Orb.
     0 | D:1      | Reached XP level 1. HP: 9/9 MP: 5/5
    30 | D:1      | Reached skill level 3 in Spellcasting
   382 | D:1      | Reached XP level 2. HP: 13/13 MP: 5/7
   396 | D:1      | Learned a level 2 spell: Ensorcelled Hibernation
  1291 | D:2      | Reached skill level 4 in Spellcasting
  2518 | D:2      | Upgraded the game from 0.21-a0-361-g4efd3f9 to 0.21-a0-369-g397cdb2
  2574 | D:2      | Reached XP level 3. HP: 13/16 MP: 7/9
  2684 | D:2      | Noticed Natasha
  2911 | D:2      | Killed Natasha
  2911 | D:2      | Reached skill level 5 in Stealth
  3076 | D:2      | Noticed Natasha
  3082 | D:2      | Killed Natasha
  3082 | D:2      | Reached XP level 4. HP: 21/21 MP: 5/11
  3583 | D:2      | Noticed Terence
  3590 | D:2      | Killed Terence
  3590 | D:2      | Reached skill level 5 in Spellcasting
  3590 | D:2      | Reached skill level 1 in Ice Magic
  3714 | D:2      | Found a runed door.
  3727 | D:2      | Noticed Crazy Yiuf
  3739 | D:2      | HP: 1/21 [Crazy Yiuf/quarterstaff of chaos (7)]
  4034 | D:2      | Killed Crazy Yiuf
  4034 | D:2      | Reached XP level 5. HP: 24/24 MP: 10/13
  5067 | D:3      | Noticed Grinder
  5480 | D:4      | Reached skill level 6 in Spellcasting
  5480 | D:4      | Reached XP level 6. HP: 28/28 MP: 12/16
  5622 | D:4      | Found a sparkling altar of Nemelex Xobeh.
  5777 | D:4      | Noticed Menkaure
  5787 | D:4      | Killed Menkaure
  5787 | D:4      | Reached skill level 1 in Fighting
  5787 | D:4      | Reached XP level 7. HP: 6/33 MP: 16/18
  6435 | D:4      | Noticed Robin
  6437 | D:4      | Reached skill level 7 in Spellcasting
  6513 | D:4      | Killed Robin
  6643 | D:4      | Learned a level 3 spell: Dazzling Spray
  7116 | D:5      | Entered Level 5 of the Dungeon
  7116 | D:5      | Found a staircase to the Ecumenical Temple.
  7139 | D:5      | Reached skill level 5 in Dodging
  7747 | D:5      | Killed from afar by an orc priest

Vault maps used:
D:1:      giann_bridges, st_stairs_12
D:2:      uniq_crazy_yiuf_cottage, uniq_natasha, uniq_terence
D:3:      first_bread, uniq_grinder
D:4:      kennysheep_goblin_castle, nemelex_xobeh_ov_fountains_minmay,
          uniq_menkaure
D:5:      lemuel_doored_altar, marbit_many_paths, temple_fountains

Skill      XL: |  1  2  3  4  5  6  7 |
---------------+----------------------+-----
Spellcasting   | 3 4 5 6 7 |  7.3
Short Blades   | 2 |  2.0
Stealth        | 5 |  5.1
Ice Magic      | 1 2 |  2.6
Fighting       | 1 2 |  2.2
Dodging        | 4 5 |  5.3
Hexes          | |  3.6

Action                   |  1- 3 |  4- 6 |  7- 9 || total
-------------------------+-------+-------+-------++-------
Melee: Dagger            |   168 |   247 |   204 ||   619
 Cast: Corona            |    16 |     9 |     7 ||    32
       Ensorcelled Hiber |     5 |    14 |    26 ||    45
       Dazzling Spray    |       |       |     1 ||     1
  Use: Scroll            |     2 |     4 |     2 ||     8
       Potion            |       |       |     1 ||     1
 Stab: Sleeping          |     3 |    13 |    20 ||    36
  Eat: Bread ration      |       |     1 |       ||     1
Armor: Robe              |    13 |    33 |    22 ||    68
Dodge: Dodged            |   143 |   200 |   189 ||   532

Table legend:
 A = Spawn XP
 B = Non-spawn XP
 C = Spawn XP percentage of total XP
 D = Spawn monster count
 E = Non-spawn monster count
 F = Spawn count percentage of total count
 G = Total turns spent on level
                    A         B        C        D         E        F      G
               +---------+---------+-------+---------+---------+-------+---------
         Total |       0 |    1084 |   0.0 |       0 |     113 |   0.0 |  7747
               +---------+---------+-------+---------+---------+-------+---------
           D:1 |       0 |      29 |   0.0 |       0 |      17 |   0.0 |  1723
           D:2 |       0 |     196 |   0.0 |       0 |      26 |   0.0 |  2662
           D:3 |       0 |      68 |   0.0 |       0 |      20 |   0.0 |  1104
           D:4 |       0 |     706 |   0.0 |       0 |      45 |   0.0 |  2078
           D:5 |       0 |      85 |   0.0 |       0 |       5 |   0.0 |   180
               +---------+---------+-------+---------+---------+-------+---------
